 Dungeon Crawl Stone Soup version 0.28.0-1-gb440e238dd (webtiles) character file.

Game seed: 4588169847842547727

89 croobank the Sneak (level 4, -2/27 HPs)
             Began as an Octopode Fire Elementalist on Feb 20, 2022.
             Slain by a gnoll (8 damage)
             ... on level 2 of the Dungeon.
             The game lasted 00:04:22 (1828 turns).

croobank the Sneak (Octopode Fire Elementalist)     Turns: 1828, Time: 00:04:24

Health: -2/27      AC:  1    Str:  7    XL:     4   Next: 55%
Magic:  0/7        EV: 14    Int: 19    God:
Gold:   67         SH:  0    Dex: 18    Spells: 5/8 levels left

rFire   . . .      SeeInvis .   a - +0 short sword
rCold   + . .      Faith    .   (no shield)
rNeg    . . .      Spirit   .   (helmet restricted)
rPois   .          Reflect  .   (no amulet)
rElec   .          Harm     .   j - +6 ring of dexterity
rCorr   .          Rampage  .   k - ring of protection from cold
Will    .....                   (no ring)
Stlth   ++++......              (no ring)
HPRegen 0.09/turn               (no ring)
MPRegen 0.10/turn               (no ring)
                                (no ring)
                                (no ring)

@: no status effects
A: almost no armour, amphibious, 8 rings, camouflage 1, gelatinous body 1,
(nimble swimmer 1), tentacles
a: no special abilities


You were on level 2 of the Dungeon.
You visited 1 branch of the dungeon, and saw 2 of its levels.

You collected 67 gold pieces.

Inventory:

Hand Weapons
 a - a +0 short sword (weapon)
Missiles
 b - 41 stones
 c - 13 arrows
Jewellery
 j - a +6 ring of dexterity (left tentacle)
 k - a ring of protection from cold (right tentacle)
Scrolls
 d - a scroll of teleportation {unknown}
 e - 2 scrolls of amnesia {unknown}
 i - a scroll of immolation
Potions
 f - 2 potions of curing {unknown}
 g - 2 potions of haste {unknown}
 h - a potion of degeneration {unknown}
 l - a potion of brilliance {unknown}


   Skills:
 + Level 2.7 Dodging
 + Level 3.7 Stealth
 + Level 2.6 Spellcasting
 + Level 2.0 Conjurations
 + Level 3.4 Fire Magic


You had 5 spell levels left.
You knew the following spells:

 Your Spells              Type           Power      Damage    Failure   Level
a - Foxfire               Conj/Fire      48%        2x1d6     5%          1
b - Scorch                Fire           30%        2d6       6%          2

Your spell library contained the following spells:

 Spells                   Type           Power      Damage    Failure   Level
 Conjure Flame            Conj/Fire      12%        6-21      16%         3
 Inner Flame              Hex/Fire       9%         N/A       24%         3
 Flame Wave               Conj/Fire      12%        2d6       45%         4


Dungeon Overview and Level Annotations

Branches:
Dungeon (2/15)

Altars:

Annotations:
D:2 Jessica


Innate Abilities, Weirdness & Mutations

You cannot wear most types of armour.
You are amphibious.
You can wear up to eight rings at the same time.
Your skin changes colour to match your surroundings (Stealth+).
Your rubbery body absorbs attacks. (AC +1, EV +1)
((You are camouflaged when in or above water. (Stealth+)))
You have tentacles for arms and can constrict up to eight enemies at once.


Message History

The gnoll hits you from afar with a +0 spear.
You hit the gnoll. You squeeze the gnoll.
The gnoll is severely wounded.
You constrict the gnoll.
Jessica mumbles some strange words.
Jessica blinks!
The gnoll completely misses you.
The gnoll hits you from afar with a +0 spear.
You hit the gnoll.
You kill the gnoll!
Jessica is no longer more vulnerable to fire.
The gnoll hits you from afar with a +0 spear!
Jessica casts a spell.
Jessica seems to speed up.
You hear a shout!
Your Conjurations skill increases to level 2!
Jessica casts a spell.
Jessica blinks!
Your magical contamination has completely faded away.
Casting: Scorch (safe; 6% risk of failure)
Confirm with . or Enter, or press ? or * to list all spells.
You miscast Scorch.
You are very lightly contaminated with residual magic.
Nothing appears to happen.
The gnoll hits you from afar with a +0 spear.
Jessica gestures wildly while chanting.
Jessica blinks!
Your magical contamination has completely faded away.
There is an open door here.
Jessica gestures wildly while chanting.
Jessica blinks!
The gnoll hits you from afar with a +0 spear.
* * * LOW HITPOINT WARNING * * *
A gnoll comes into view. It is wielding a +0 club.
Casting: Scorch (safe; 6% risk of failure)
Confirm with . or Enter, or press ? or * to list all spells.
Flames lash the gnoll.
The gnoll is severely wounded.
The gnoll's fire resistance burns away.
The gnoll hits you from afar with a +0 spear!
You die...

#....@..#.# ...#
#.####.##.##....#
# #.#
#....)@....# #.
#.# ####g##....#
. ##'## #.# ...+
. #...# #.# ..# .
#...# #.# .# #
#...######.# # #.
#......g.@.# #.
#....#######
####..
#..........#
......#+
#..........#
#......
##.........+
+......
###.......#
#...... #†......#
#...... #†#######
#...... #.......#
#......


You could see 2 gnolls.

Vanquished Creatures
  A gnoll (D:2)
  5 adders (D:2)
  A worm (D:2)
  A dart slug (D:2)
  2 endoplasms
  A giant cockroach (D:1)
  3 hobgoblins
  2 quokkas (D:1)
  6 ball pythons
  4 bats
  A frilled lizard (D:2)
  2 kobolds
  4 rats
33 creatures vanquished.

Vanquished Creatures (collateral kills)
  2 foxfires (D:1)
2 creatures vanquished.

Vanquished Creatures (others)
  42 foxfires
42 creatures vanquished.

Grand Total: 77 creatures vanquished

Notes
Turn   | Place    | Note
-------+----------+-------------------------------------------
     0 | D:1      | croobank the Octopode Fire Elementalist began the quest for
                  | the Orb.
     0 | D:1      | Reached XP level 1. HP: 11/11 MP: 3/3
   298 | D:1      | Reached XP level 2. HP: 17/17 MP: 3/5
   301 | D:1      | Learned a level 2 spell: Scorch
  1102 | D:2      | Reached XP level 3. HP: 20/21 MP: 1/6
  1151 | D:2      | Found a faded altar of an unknown god.
  1552 | D:2      | Reached XP level 4. HP: 27/27 MP: 2/7
  1797 | D:2      | Noticed Jessica
  1828 | D:2      | Slain by a gnoll

Illustrated notes

Levels and vault maps discovered:
D:1:      co_arrival_square_in_a_square_in_a_square, layout_loops_ring,
          serial_forest, infiniplex_forest_lined_2,
          infiniplex_forest_clump_curved, infiniplex_forest_corner_2,
          infiniplex_forest_corner_1, infiniplex_forest_corner_1,
          infiniplex_forest_end_3, infiniplex_forest_lined_1
D:2:      layout_basic, hellmonk_ecumenical_altar_blasted, uniq_jessica

Skill      XL: |  1  2  3  4 |
---------------+-------------+-----
Stealth        | 3 |  3.7
Conjurations   | 2 |  2.0
Dodging        | |  2.7
Spellcasting   | |  2.6
Fire Magic     | |  3.4

Action                   |  1- 3 |  4- 6 || total
-------------------------+-------+-------++-------
Melee: Short sword       |     8 |     9 ||    17
       Tentacles         |     4 |     1 ||     5
       Constrict         |     3 |     3 ||     6
 Cast: Foxfire           |    24 |     5 ||    29
       Scorch            |    11 |     5 ||    16
Dodge: Dodged            |    15 |     6 ||    21
